 Dungeon Crawl Stone Soup version 0.18.1-50-g88ac8fd (webtiles) character file.

208 Amnesiac the Cutter (level 5, 0/27 HPs)
             Began as a Vine Stalker Fighter on Mar 11, 2018.
             Succumbed to a worker ant's poison
             ... on level 4 of the Dungeon.
             The game lasted 00:01:26 (923 turns).

Amnesiac the Cutter (Vine Stalker Fighter)           Turns: 923, Time: 00:01:27

Health: 0/27       AC:  6    Str: 19    XL:     5   Next: 86%
Magic:  5/6        EV:  7    Int:  8    God:
Gold:   49         SH:  0    Dex: 14    Spells: 0 memorised, 4 levels left

rFire  . . .     SeeInvis .     a - +0 rapier
rCold  . . .     Gourm    .     b - +0 scale mail
rNeg   + . .     Faith    .     c - +0 shield
rPois  .         Spirit   +     (no helmet)
rElec  .         Dismiss  .     (no cloak)
rCorr  .         Reflect  .     (no gloves)
SustAt .         Harm     .     (no boots)
MR     .....                    (no amulet)
Stlth  ..........               (no ring)
                                j - ring of positive energy

@: confused, lethally poisoned (0 -> -19), not resistant to hostile
enchantments, extremely unstealthy
A: fangs 2, regeneration 1, magic shield, antimagic bite, no device heal 3, rot
immunity
a: no special abilities


You were on level 4 of the Dungeon.
You were not hungry.

You visited 1 branch of the dungeon, and saw 4 of its levels.

You collected 49 gold pieces.

Inventory:

Hand Weapons
 a - a +0 rapier (weapon)
Armour
 b - a +0 scale mail (worn)
 c - a +0 shield (worn)
Jewellery
 j - a ring of positive energy (left hand)
Scrolls
 e - 2 scrolls of remove curse {!r, unknown}
 h - a scroll of enchant weapon {!r, unknown}
 l - a scroll of identify {!r, unknown}
 m - a scroll of random uselessness {!r, unknown}
 n - a scroll of fog {!r, unknown}
Potions
 d - a potion of might {!q}
 i - a potion of resistance {!q, unknown}
 o - a potion of lignification {!q, unknown}
 p - a potion of cancellation {!q, unknown}
Comestibles
 f - a bread ration
 k - a royal jelly
 q - 4 chunks of flesh


   Skills:
 - Level 2.6 Fighting
 + Level 5.3 Short Blades
 - Level 2.4 Armour
 - Level 2.6 Shields


You had 4 spell levels left.
You didn't know any spells.

Dungeon Overview and Level Annotations

Branches:
Dungeon (4/15)
 Temple: D:4-7

Altars:
Fedhas


Innate Abilities, Weirdness & Mutations

You have extremely sharp teeth.
Your natural rate of healing is unusually fast.
When hurt, damage is shared between your health and your magic reserves.
Your bite disrupts and absorbs the magic of your enemies.
Potions and wands cannot restore your health.
You are immune to rotting.


Message History

No target in view!
Items here: ))))) [[[[[ ††† You butcher the orc corpse.
q - 5 chunks of flesh (gained 1)
Items here: ))))) [[[[[ †† You butcher the iguana corpse.
q - 8 chunks of flesh (gained 3)
Items here: ))))) [[[[[ † Some of the chunks of flesh in your inventory have rotted away.
Found a stone staircase leading down.
e - 2 scrolls labeled ORUTWAO GEXZOST {!r} (gained 1)
A worker ant comes into view.
The worker ant twitches its antennae in your direction.
A jackal comes into view.
There are monsters nearby!
There are monsters nearby!
You hit the worker ant but do no damage.
The worker ant bites you.
You are poisoned.
The worker ant poisons you!
There are monsters nearby!
Your shield prevents you from hitting the worker ant.
You bite the worker ant, but do no damage.
You feel sick. The worker ant bites you.
The worker ant bites you but does no damage.
You hit the worker ant.
The worker ant is moderately wounded.
You feel sick. The jackal bites you. The worker ant bites you.
You are more poisoned.
The worker ant poisons you!
You hit the worker ant.
The worker ant is heavily wounded.
You feel sick. You block the jackal's attack. The worker ant bites you.
You are lethally poisoned!
The worker ant poisons you!
* * * LOW HITPOINT WARNING * * *
You feel sick. You block the jackal's attack.
The jackal bites you but does no damage.
* * * LOW HITPOINT WARNING * * *
You feel sick. The worker ant bites you.
* * * LOW HITPOINT WARNING * * *
You hit the worker ant but do no damage.
You bite the worker ant. You drain its power.
You feel invigorated.
The worker ant is severely wounded.
* * * LOW HITPOINT WARNING * * *
You feel sick. The worker ant bites you.
* * * LOW HITPOINT WARNING * * *
You are more poisoned.
The worker ant poisons you!
You are too injured to fight recklessly!
You are too injured to fight recklessly!
You are too injured to fight recklessly!
You hit the worker ant but do no damage.
You bite the worker ant, but do no damage.
The worker ant is severely wounded.
* * * LOW HITPOINT WARNING * * *
You feel very sick. The worker ant bites you.
Drink which item? (? for menu, Esc to quit)
Really quaff
g - a ruby potion {!q}?
It was a potion of ambrosia {!q}.
You are confused.
You feel invigorated.
You die...

######........#############
#....................
##.################## #.#
#.##### #.....# #####.#
#...#.###### #.#......@.#
##.###.####a##.###.
#......#...........
#########.#.##.#### #.#.#
.. # #.# .# #.# # #.# #.#


You could see a worker ant.

Vanquished Creatures
  A water moccasin zombie (D:4)
  An orc priest (D:4)
  2 orc wizards (D:4)
  An iguana (D:4)
  A worm (D:4)
  A giant gecko (D:1)
  7 orcs (D:4)
  A bat (D:1)
  2 giant cockroaches (D:3)
  3 goblins
  3 hobgoblins (D:1)
  2 ball pythons
  A giant newt (D:1)
  2 kobolds (D:1)
  A quokka skeleton (D:4)
  3 rats (D:1)
32 creatures vanquished.

Notes
Turn   | Place    | Note
--------------------------------------------------------------
     0 | D:1      | Amnesiac the Vine Stalker Fighter began the quest for the Orb.
     0 | D:1      | Reached XP level 1. HP: 11/11 MP: 2/2
    23 | D:1      | Reached skill level 2 in Short Blades
   136 | D:1      | Reached XP level 2. HP: 16/16 MP: 3/3
   543 | D:4      | Found a blossoming altar of Fedhas.
   568 | D:4      | Reached skill level 3 in Short Blades
   568 | D:4      | Reached XP level 3. HP: 18/19 MP: 4/4
   615 | D:4      | Reached skill level 4 in Short Blades
   615 | D:4      | Reached XP level 4. HP: 10/23 MP: 5/5
   620 | D:4      | Reached XP level 5. HP: 14/27 MP: 6/6
   783 | D:4      | Reached skill level 5 in Short Blades
   923 | D:4      | Succumbed to a worker ant's poison

Skill      XL: |  1  2  3  4  5 |
---------------+----------------+-----
Short Blades   | 2 3 4 5 |  5.3
Fighting       | |  2.6
Armour         | |  2.4
Shields        | |  2.6

Action                   |  1- 3 |  4- 6 || total
-------------------------+-------+-------++-------
Melee: Rapier            |    76 |    63 ||   139
       Bite              |    17 |    27 ||    44
  Use: Potion            |       |     1 ||     1
Armor: Scale mail        |    32 |    14 ||    46
Dodge: Dodged            |    23 |     6 ||    29
Block: Shield            |    33 |    15 ||    48
